Map: Jagannatha LE

Players

DnS

  • Race: Protoss Protoss
  • Spawn Location: 1:00

goblin - Winner!

  • Race: Protoss Protoss
  • League: Grandmaster
  • Spawn Location: 7:00

Event: DreamHack SC2 Masters 2020 Winter

VOD

Have the link to the VOD?

Description

Time

  • Played on: Oct. 29, 2020, 2:27 p.m.
  • Length: 11:25

All games in this series

Show
View Real Time Build Order
Export as new Build Order

DnS Protoss 

Build Orders: Oracle Opening, Zealot Archon 

Get SALT Encoding   

  12  0:00  Probe  
  13  0:12  Probe  
  14  0:17  Pylon  
  14  0:24  Probe (Chrono Boost)  
  15  0:36  Probe (Chrono Boost)  
  15  0:38  Gateway  
  16  0:44  Probe (Chrono Boost)  
  16  0:49  Assimilator  
  17  0:51  Probe  
  18  0:57  Assimilator  
  18  1:03  Probe (Chrono Boost)  
  19  1:10  Gateway  
  19  1:14  Probe (Chrono Boost)  
  20  1:19  Probe (Chrono Boost)  
  20  1:25  Cybernetics Core  
  21  1:31  Probe  
  22  1:37  Pylon  
  22  1:44  Probe  
  23  2:01  Stalker x2  
  23  2:02  Warp Gate  
  27  2:11  Probe  
  27  2:14  Pylon  
  28  2:31  Stalker  
  28  2:32  Stalker  
  32  2:42  Stargate  
  31  3:08  Shield Battery  
  35  3:23  Oracle (Chrono Boost)  
  35  3:27  Nexus  
  34  3:29  Probe  
  33  3:43  Probe (Chrono Boost)  
  33  3:45  Twilight Council  
  32  3:54  Probe (Chrono Boost)  
  33  3:59  Probe (Chrono Boost)  
  34  4:03  Stalker  
  34  4:08  Stalker  
  34  4:09  Probe (Chrono Boost)  
  37  4:21  Probe (Chrono Boost)  
  38  4:26  Probe (Chrono Boost)  
  39  4:37  Probe (Chrono Boost)  
  37  4:42  Stalker, Dark Shrine  
  37  4:44  Probe (Chrono Boost)  
  40  4:48  Stalker  
  44  4:53  Probe x2 (Chrono Boost)  
  44  4:57  Pylon  
  44  4:58  Probe (Chrono Boost)  
  45  5:00  Probe  
  45  5:05  Shield Battery  
  46  5:09  Stalker  
  46  5:13  Probe  
  47  5:17  Stalker  
  47  5:19  Probe  
  48  5:24  Gateway  
  48  5:25  Probe (Chrono Boost)  
  49  5:31  Assimilator, Probe (Chrono Boost)  
  50  5:41  Forge  
  52  5:43  Probe x2 (Chrono Boost)  
  52  5:48  Probe (Chrono Boost)  
  50  5:50  Probe (Chrono Boost)  
  50  5:54  Dark Templar  
  52  5:58  Probe  
  52  5:59  Dark Templar  
  52  6:01  Probe  
  56  6:05  Forge  
  56  6:10  Probe  
  57  6:13  Assimilator, Pylon, Probe  
  58  6:19  Dark Templar  
  58  6:22  Probe  
  59  6:29  Dark Templar  
  56  6:34  Probe  
  56  6:35  Probe  
  56  6:41  Stalker  
  56  6:44  Protoss Ground Weapons Level 1 (Chrono Boost)  
  56  6:46  Probe  
  59  6:47  Probe  
  59  6:51  Stalker  
  60  6:58  Probe  
  60  6:59  Gateway  
  60  7:00  Gateway  
  61  7:02  Blink (Chrono Boost)  
  61  7:08  Stalker  
  61  7:11  Stalker  
  61  7:19  Probe (Chrono Boost)  
  58  7:23  Probe (Chrono Boost)  
  59  7:30  Probe (Chrono Boost)  
  59  7:34  Probe (Chrono Boost)  
  59  7:35  Nexus, Probe (Chrono Boost)  
  61  7:39  Stalker  
  62  7:44  Dark Templar  
  62  7:46  Dark Templar  
  62  7:47  Probe  
  62  7:49  Probe  
  62  7:51  Archon  
  68  7:59  Probe  
  68  8:05  Probe  
  69  8:11  Pylon x2  
  69  8:14  Protoss Shields Level 1  
  69  8:15  Pylon  
  69  8:26  Probe  
  70  8:33  Stalker x4  
  70  8:34  Stalker  
  77  8:36  Probe (Chrono Boost)  
  77  8:41  Protoss Ground Weapons Level 2 (Chrono Boost)  
  72  8:48  Probe x2 (Chrono Boost)  
  75  8:50  Probe (Chrono Boost)  
  77  8:57  Probe x2 (Chrono Boost)  
  77  8:58  Probe (Chrono Boost), Sentry  
  80  9:05  Probe (Chrono Boost)  
  80  9:10  Probe (Chrono Boost)  
  80  9:12  Pylon  
  80  9:15  Probe (Chrono Boost)  
  82  9:19  Probe x2 (Chrono Boost)  
  82  9:20  Templar Archives  
  82  9:23  Probe (Chrono Boost)  
  84  9:24  Gateway  
  84  9:27  Probe x2  
  86  9:32  Shield Battery  
  86  9:33  Sentry  
  88  9:38  Dark Templar  
  88  9:42  Probe  
  88  9:43  Archon  
  88  9:44  Probe x2  
  93  9:51  Pylon  
  93  9:52  Robotics Facility  
  93  9:54  Probe  
  94  10:04  Dark Templar x2, Zealot  
  94  10:05  Zealot  
  102  10:13  Probe x3  
  105  10:16  Gateway  
  105  10:26  Archon  
  105  10:33  Probe x2  
  105  10:34  Dark Templar x2  
  111  10:35  Assimilator  
  111  10:40  Observer  
  111  10:41  Archon  
  112  10:43  Gateway  
  112  10:44  Pylon  
  112  10:49  Assimilator, Pylon  
  112  10:50  Pylon  
  112  10:54  Zealot  
  112  10:55  Zealot x2  
  118  10:57  Pylon  
  118  10:58  Probe x2  
  120  11:05  Zealot  
  120  11:06  Zealot x2  
  109  11:22  Zealot x4  
Show
View Real Time Build Order
Export as new Build Order

goblin Protoss - Winner!

Build Orders: Phoenix Opening, Mass Phoenix 

Get SALT Encoding   

  12  0:00  Probe  
  13  0:12  Probe  
  14  0:17  Pylon  
  14  0:24  Probe (Chrono Boost)  
  15  0:36  Probe (Chrono Boost)  
  15  0:37  Gateway  
  16  0:44  Probe (Chrono Boost)  
  16  0:46  Assimilator  
  17  0:50  Probe  
  17  0:54  Assimilator  
  18  1:02  Probe (Chrono Boost)  
  19  1:09  Gateway  
  19  1:13  Probe (Chrono Boost)  
  19  1:18  Probe (Chrono Boost)  
  20  1:25  Cybernetics Core  
  21  1:29  Probe  
  22  1:37  Pylon  
  22  1:41  Probe  
  23  1:55  Probe  
  24  2:03  Stalker  
  24  2:06  Stalker  
  28  2:08  Warp Gate  
  28  2:21  Pylon  
  28  2:37  Stargate  
  28  2:50  Nexus  
  28  3:02  Stalker x2  
  32  3:14  Pylon  
  32  3:19  Phoenix (Chrono Boost)  
  33  3:23  Probe  
  35  3:35  Probe  
  35  3:36  Phoenix (Chrono Boost)  
  34  3:47  Probe  
  33  3:56  Phoenix (Chrono Boost)  
  33  3:57  Stalker  
  33  4:02  Probe (Chrono Boost)  
  39  4:05  Probe (Chrono Boost)  
  39  4:16  Probe x2 (Chrono Boost)  
  40  4:19  Phoenix  
  44  4:24  Probe (Chrono Boost)  
  44  4:25  Probe (Chrono Boost)  
  44  4:29  Probe (Chrono Boost)  
  44  4:33  Probe  
  43  4:40  Probe  
  43  4:44  Phoenix  
  43  4:45  Probe  
  47  4:52  Shield Battery, Probe  
  48  4:57  Probe (Chrono Boost)  
  50  5:08  Probe (Chrono Boost)  
  50  5:09  Phoenix, Probe (Chrono Boost)  
  53  5:18  Robotics Facility, Probe (Chrono Boost)  
  53  5:20  Probe (Chrono Boost)  
  55  5:23  Probe  
  55  5:24  Pylon  
  55  5:27  Forge  
  56  5:34  Phoenix (Chrono Boost), Probe  
  59  5:35  Probe  
  59  5:42  Pylon  
  60  5:55  Assimilator, Probe x2  
  60  5:56  Phoenix (Chrono Boost)  
  64  5:57  Assimilator, Pylon  
  64  6:05  Observer  
  64  6:07  Probe x2  
  67  6:12  Pylon  
  67  6:14  Protoss Air Weapons Level 1  
  67  6:17  Stalker  
  69  6:19  Zealot, Probe x2  
  70  6:41  Pylon  
  70  6:43  Phoenix (Chrono Boost)  
  72  6:47  Immortal (Chrono Boost)  
  72  6:48  Zealot  
  72  6:49  Zealot  
  72  6:51  Protoss Ground Weapons Level 1  
  72  6:52  Gateway  
  80  6:56  Gateway  
  80  7:01  Gateway  
  80  7:03  Gateway  
  80  7:06  Phoenix (Chrono Boost)  
  82  7:22  Immortal (Chrono Boost)  
  86  7:23  Phoenix  
  88  7:30  Zealot, Sentry  
  88  7:33  Probe x2  
  88  7:34  Pylon  
  94  7:51  Nexus  
  94  7:52  Phoenix  
  94  7:56  Pylon  
  96  8:04  Immortal (Chrono Boost)  
  100  8:16  Probe x2  
  100  8:17  Photon Cannon  
  100  8:19  Photon Cannon  
  101  8:32  Immortal (Chrono Boost)  
  100  8:43  Phoenix  
  102  8:50  Photon Cannon  
  102  8:55  Twilight Council  
  102  8:58  Warp Prism (Chrono Boost), Probe x2  
  106  9:05  Probe  
  107  9:10  Probe x2  
  107  9:16  Shield Battery  
  109  9:17  Pylon, Probe  
  109  9:22  Zealot x2  
  114  9:26  Observer  
  114  9:27  Charge (Chrono Boost)  
  114  9:33  Templar Archives  
  114  9:34  Pylon  
  114  9:42  Immortal (Chrono Boost)  
  114  9:45  Phoenix  
  118  9:52  Gateway x2  
  118  10:09  Zealot x2  
  118  10:10  Zealot  
  118  10:11  High Templar x2, Zealot  
  118  10:14  Phoenix  
  132  10:16  Archon  
  132  10:23  Pylon  
  132  10:24  Pylon  
  132  10:25  Pylon  
  132  10:27  Pylon  
  132  10:37  Gateway  
  132  10:39  Pylon  
  132  10:43  High Templar x4  
  132  10:44  Zealot  
  132  10:45  Zealot  
  132  10:47  Archon x2  
  132  10:48  Zealot x2  
  148  10:56  Phoenix (Chrono Boost)  
  150  11:07  Zealot x2  
  150  11:21  Zealot x3  
  150  11:22  Zealot  
Tags
 
Add a new tag
Caveats
  • Supply blocks, unpowered buildings, or Contaminate may cause inaccurate times.
  • Supply counts are checked every 10 seconds.